 Dungeon Crawl Stone Soup version 0.30-a0-1018-g25214051b3 (webtiles) character file.

Game seed: 14391334334168939988

39 cheesebisquit the Vexing (level 3, -1/26 HPs)
             Began as a Merfolk Hexslinger on Apr 7, 2023.
             Slain by a goblin
             ... wielding a +0 club
             ... led by Robin
              (6 damage)
             ... on level 2 of the Dungeon.
             The game lasted 00:06:22 (1278 turns).

cheesebisquit the Vexing (Merfolk Hexslinger)       Turns: 1278, Time: 00:06:23

Health: -1/26      AC:  3    Str: 10    XL:     3   Next: 45%
Magic:  13/14      EV: 12    Int: 20    God:
Gold:   39         SH:  0    Dex: 14    Spells: 1/5 levels left

rFire   . . .      SeeInvis .    o - +1 hand axe "Giantbane" {flame, rC+ MP+9}
rCold   + + .      Faith    .    (no shield)
rNeg    . . .      Spirit   .    c - +0 robe
rPois   .          Reflect  .    (no helmet)
rElec   .          Rampage  .    d - +0 cloak
rCorr   .                        (no gloves)
Will    .....                    (no boots)
Stlth   +                        (no amulet)
HPRegen 0.24/turn                e - ring of protection from cold
MPRegen 0.14/turn                i - +6 ring of intelligence

@: no status effects
A: (nimble swimmer 2), mertail
a: no special abilities


You were on level 2 of the Dungeon.
You visited 1 branch of the dungeon, and saw 2 of its levels.

You collected 39 gold pieces.

Inventory:

Hand Weapons
 a - a +1 sling
 f - a +0 dagger
 h - a +2 mace of venom
 o - the +1 hand axe "Giantbane" (weapon) {flame, rC+ MP+9}
   (You took it off a hobgoblin on level 2 of the Dungeon)

   rC:        It protects you from cold.
   MP:        It affects your magic capacity (+9).
Missiles
 m - 2 poisoned darts
 n - 4 boomerangs
Armour
 c - a +0 robe (worn)
 d - a +0 cloak (worn)
 k - a scarf of repulsion
Jewellery
 e - a ring of protection from cold (left hand)
 i - a +6 ring of intelligence (right hand)
Scrolls
 b - a scroll of poison
 j - a scroll of teleportation {unknown}
 l - a scroll of identify {unknown}
Potions
 g - a potion of ambrosia {unknown}
 p - a potion of haste {unknown}
 q - a potion of might {unknown}


   Skills:
 - Level 1.1 Fighting
 - Level 1.5 Ranged Weapons
 - Level 2.6 Dodging
 + Level 1.8 Spellcasting
 * Level 4.0 Hexes


You had one spell level left.
You knew the following spells:

 Your Spells              Type           Power      Damage    Failure   Level
a - Slow                  Hex            68%        N/A       3%          1
b - Inner Flame           Hex/Fire       9%         N/A       22%         3

Your spell library contained the following spells:

 Spells                   Type           Power      Damage    Failure   Level
 Portal Projectile        Hex/Tloc       18%        N/A       22%         3
 Cause Fear               Hex            8%         N/A       30%         4


Dungeon Overview and Level Annotations

Branches:
Dungeon (2/15)

Altars:

Annotations:
D:2 Robin


Innate Abilities, Weirdness & Mutations

((You are very nimble when in or above water. (Stealth+, EV+, Speed+++)))
Your lower body shifts to a powerful aquatic tail in water.


Message History

The hobgoblin attacks as you move away! The hobgoblin barely misses you.
Robin roars a battlecry!
The goblin goes into a battle-frenzy!
You hear an angry hiss.
You hear a shout!
The goblin no longer looks unusually strong.
Robin throws the goblin at you!
You hear a shout!
You closely miss the goblin. You hit the hobgoblin. You burn the hobgoblin.
You hear a shout!
The hobgoblin closely misses you. The goblin closely misses you.
You hit the goblin but do no damage. You hit the hobgoblin.
You burn the hobgoblin.
You kill the hobgoblin!
The goblin no longer looks unusually strong.
Robin throws the goblin at you! The goblin hits you with a +0 club.
The goblin hits you but does no damage.
You are too injured to fight recklessly!
You are too injured to fight recklessly!
Aiming: Slow (safe; 3% risk of failure)
Press: ? - help, Q - select action, (/) - cycle Shift-Dir - straight line, f - goblin
Aim: a goblin, wielding a +0 club (strong, chance to affect: 67%)
The goblin struggles to resist.
The goblin hits you with a +0 club. The endoplasm freezes you.
You are frozen.
You resist. The goblin hits you with a +0 club.
* * * LOW HITPOINT WARNING * * *
You closely miss the goblin. You hit the endoplasm. You burn the endoplasm.
You closely miss the goblin.
Robin roars a battlecry!
The goblins go into a battle-frenzy!
The endoplasm freezes you.
You are frozen.
You resist.
* * * LOW HITPOINT WARNING * * *
The goblin hits you with a +0 club.
* * * LOW HITPOINT WARNING * * *
The goblin barely misses you. The endoplasm freezes you.
You are frozen.
You resist. The goblin hits you with a +0 club.
You die...

..##......# #.....#.######.
..##<.....+.# #............
..........#.#####.#.#.######.
..........#.#<........#
..#.......#.# #......†#
..####.####.# #.#.##..# ###
#..###.# #.......#
#.....#####g###.#
#....g)ggJ@g# #.#
#.....####### #.# #...... ..#
#....##g .. #.... #g ## #....
gg #.... gg #.... g.


You could see Robin, an endoplasm, a hobgoblin (strong) and 3 goblins.

Vanquished Creatures
  A dart slug (D:1)
  2 ball pythons (D:1)
  3 endoplasms (D:1)
  2 giant cockroaches
  6 goblins
  3 hobgoblins
  4 jackals (D:1)
  A kobold (D:1)
  6 bats
  2 frilled lizards (D:1)
  2 rats (D:1)
32 creatures vanquished.

Vanquished Creatures (others)
  3 fungi (D:1)
  2 plants (D:1)
5 creatures vanquished.

Grand Total: 37 creatures vanquished

Notes
Turn   | Place    | Note
-------+----------+-------------------------------------------
     0 | D:1      | cheesebisquit the Merfolk Hexslinger began the quest for
                  | the Orb.
     0 | D:1      | Reached XP level 1. HP: 15/15 MP: 2/2
   124 | D:1      | Reached XP level 2. HP: 21/21 MP: 0/3
   155 | D:1      | Found a faded altar of an unknown god.
   588 | D:1      | Reached XP level 3. HP: 25/26 MP: 1/5
   994 | D:2      | Learned a level 3 spell: Inner Flame
  1086 | D:2      | Identified the +1 hand axe "Giantbane" {flame, rC+ MP+9}
  1246 | D:2      | Reached skill level 4 in Hexes
  1259 | D:2      | Noticed Robin
  1278 | D:2      | Slain by a goblin

Illustrated notes

Levels and vault maps discovered:
D:1:      minmay_arrival_semitransparent, layout_rooms,
          shapermc_ecumenical_altar_ellora
D:2:      layout_basic, uniq_robin, uniq_natasha, uniq_sigmund

Skill      XL: |  1  2  3 |
---------------+----------+-----
Hexes          | 4 |  4.0
Fighting       | |  1.1
Ranged Weapons | |  1.5
Dodging        | |  2.6
Spellcasting   | |  1.8

Action                     || total
---------------------------++-------
  Melee: Mace              ||    34
         Hand axe          ||    18
         Punch             ||     1
   Fire: Sling             ||    56
   Cast: Slow              ||    53
   Stab: Sleeping          ||     1
 Armour: Robe              ||    31
  Dodge: Dodged            ||    64

Table legend: (Time is in decaauts)
 A = Elapsed time spent in this place.
 B = Non-inter-level travel time spent in this place.
 C = Inter-level travel time spent in this place.
 D = Time resting spent in this place.
 E = Time spent auto-exploring this place.
 F = Levels seen in this place.
 G = Mean time per level.
                   A        B        C        D        E       F      G
               +--------+--------+--------+--------+--------+-----+--------+
         Total |   1312 |   1301 |     11 |      0 |    929 |   2 |  656.0 |
       Dungeon |   1312 |   1301 |     11 |      0 |    929 |   2 |  656.0 |
               +--------+--------+--------+--------+--------+-----+--------+

Top non-repeatable levels by time:
     D:1: 997 daAuts
     D:2: 315 daAuts
